 Dungeon Crawl Stone Soup version 0.30-a0-553-g7fabdf1491 (webtiles) character file.

Game seed: 10137775751758383903

7674 RoilingVortex the Arsonist (level 11, -9/70 HPs)
             Began as an Octopode Fire Elementalist on Dec 26, 2022.
             Was an Initiate of Gozag.
             Mangled by a rakshasa
             ... wielding a +0 trident
              (24 damage)
             ... on level 10 of the Dungeon.
             The game lasted 00:11:50 (10300 turns).

RoilingVortex the Arsonist (OpFE)                  Turns: 10300, Time: 00:11:50

Health: -9/70      AC:  5    Str:  7    XL:     11   Next: 18%
Magic:  24/25      EV: 20    Int: 22    God:    Gozag
Gold:   304        SH:  0    Dex: 19    Spells: 27/30 levels left

rFire   . . .      SeeInvis .    (no weapon)
rCold   + + .      Faith    .    (no shield)
rNeg    . . .      Spirit   .    (helmet restricted)
rPois   .          Reflect  .    c - amulet of magic regeneration
rElec   .          Harm     .    O - +4 ring of protection
rCorr   +          Rampage  .    t - ring "Moczutuj" {rC+ Will+}
Will    +....                    E - +4 ring of evasion
Stlth   +++                      D - +6 ring of dexterity
HPRegen 0.31/turn                R - ring of resist corrosion
MPRegen 0.59/turn                C - ring of protection from cold
                                 (no ring)
                                 (no ring)

@: no status effects
A: almost no armour, amphibious, 8 rings, camouflage 1, gelatinous body 1,
(nimble swimmer 1), tentacles
a: Renounce Religion, Potion Petition, Call Merchant, Bribe Branch


You were on level 10 of the Dungeon.
You worshipped Gozag.
Gozag was aware of your devotion.
You visited 2 branches of the dungeon, and saw 11 of its levels.

You collected 510 gold pieces.
You paid 206 gold pieces to Gozag.


Innate Abilities, Weirdness & Mutations

You cannot wear most types of armour.
You are amphibious.
You can wear up to eight rings at the same time.
Your skin changes colour to match your surroundings (Stealth+).
Your rubbery body absorbs attacks. (AC +1, EV +1)
((You are camouflaged when in or above water. (Stealth+)))
You have tentacles for arms and can constrict up to eight enemies at once.


   Skills:
 + Level 4.7 Fighting
 + Level 5.2 Dodging
 - Level 2.6 Stealth
 - Level 10.0 Spellcasting
 - Level 4.0 Conjurations
 + Level 11.1 Fire Magic


You had 27 spell levels left.
You knew the following spells:

 Your Spells              Type           Power      Damage    Failure   Level
f - Foxfire               Conj/Fire      100%       2x1d9     1%          1
X - Scorch                Fire           100%       2d10      1%          2

Your spell library contained the following spells:

 Spells                   Type           Power      Damage    Failure   Level
 Inner Flame              Hex/Fire       35%        N/A       1%          3
 Flame Wave               Conj/Fire      44%        2d11      2%          4
 Sticky Flame             Conj/Fire      44%        2d6       2%          4
 Ignite Poison            Fire/Tmut/Pois 27%        N/A       4%          3
 Kindle Blastsparks       Fire/Tloc/Air  54%        2d14      4%          3
 Slow                     Hex            44%        N/A       6%          1
 Sublimation of Blood     Necr           11%        N/A       9%          2
 Wereblood                Tmut           11%        N/A       9%          2
 Confusing Touch          Hex            11%        N/A       19%         3
 Tukima's Dance           Hex            11%        N/A       19%         3
 Vampiric Draining        Necr           11%        2d6       19%         3
 Vhi's Electric Charge    Tloc/Air       22%        N/A       19%         3
 Olgreb's Toxic Radiance  Pois           11%        N/A       52%         4
 Passage of Golubria      Tloc           11%        N/A       52%         4
 Arcjolt                  Conj/Air       9%         1d19      58%         5
 Yara's Violent Unravell  Hex/Tmut       5%         3d4       86%         5
 Ignition                 Fire           28%        3d9       99%         8
 Ozocubu's Refrigeration  Ice            5%         4d8       100%        7
 Summon Hydra             Summ           5%         N/A       100%        7
 Maxwell's Capacitive Co  Air            5%         ∞         100%        8

Inventory:

Missiles
 N - a curare-tipped dart {=f}
Armour
 K - a +0 buckler
   (You took it off an orc warrior on level 7 of the Dungeon)
Magical Staves
 M - a staff of air {!a}
   (You found it on level 6 of the Dungeon)
Jewellery
 c - an amulet of magic regeneration (around mantle)
   (You found it on level 1 of the Dungeon)
 t - the ring "Moczutuj" (right tentacle) {rC+ Will+}
   (You found it on level 4 of the Dungeon)

   [ring of willpower]

   rC:        It protects you from cold.
   Will:      It increases your willpower.
 C - a ring of protection from cold (on tentacle)
   (You found it on level 9 of the Dungeon)
 D - a +6 ring of dexterity (on tentacle)
   (You found it on level 5 of the Dungeon)
 E - a +4 ring of evasion (on tentacle)
   (You found it on level 5 of the Dungeon)
 I - an amulet of reflection
   (You found it on level 6 of the Dungeon)
 O - a +4 ring of protection (left tentacle)
   (You found it on level 1 of the Dungeon)
 R - a ring of resist corrosion (on tentacle)
   (You found it on level 5 of the Dungeon)
Wands
 o - a wand of iceblast (22)
   (You found it on level 3 of the Dungeon)
 r - a wand of charming (2)
   (You took it off Ijyb on level 3 of the Dungeon)
 x - a wand of polymorph (6)
   (You took it off Sigmund on level 5 of the Dungeon)
 y - a wand of flame (14)
   (You took it off a hobgoblin on level 5 of the Dungeon)
 G - a wand of digging (9)
   (You found it on level 6 of the Dungeon)
 J - a wand of mindburst (19)
   (You found it on level 7 of the Dungeon)
Scrolls
 b - 3 scrolls of magic mapping {unknown}
 d - 4 scrolls of fear {unknown}
 e - a scroll of blinking {unknown}
 i - 2 scrolls of poison {unknown}
 k - 3 scrolls of immolation {unknown}
 l - a scroll of enchant armour {unknown}
 m - 3 scrolls of enchant weapon
 q - 5 scrolls of teleportation {unknown}
 s - 2 scrolls of vulnerability {unknown}
 u - 7 scrolls of identify {unknown}
 w - a scroll of brand weapon {unknown}
 A - 2 scrolls of noise {unknown}
 B - a scroll of silence {unknown}
 L - a scroll of torment {unknown}
 P - a scroll of fog {unknown}
Potions
 a - 2 potions of magic
 f - a potion of degeneration {unknown}
 g - 2 potions of curing {@q1}
 h - 3 potions of lignification {unknown}
 j - a potion of might {unknown}
 n - 3 potions of attraction {unknown}
 p - 4 potions of cancellation {unknown}
 v - 2 potions of flight {unknown}
 z - 4 potions of haste {unknown}
 F - a potion of ambrosia {unknown}
 H - 2 potions of heal wounds {unknown}

Dungeon Overview and Level Annotations

Branches:
Dungeon (10/15)            Temple (1/1) D:7            Lair (0/5) D:8
    Orc (0/2) D:10

Altars:
Ashenzari
Cheibriados
Dithmenos
Fedhas
Gozag
Hepliaklqana
Kikubaaqudgha
Makhleb
Nemelex Xobeh
Okawaru
Qazlal
Ru
Sif Muna
Trog
Uskayaw
Vehumet
Wu Jian
Xom
Yredelemnul
Zin
The Shining One

Shops:
D:9

* ..........# #....# #.
..........# #....# #.
..........######.)..# #.
)...................####.
.........................
.........................
.........................
##..............########.
#...(..@.......# #.
#..............# #.
#.....R........# #.
#.............. #######.
....>........... ........
........$....... ........
................ ........
.............### ########
#$............#


You could see a rakshasa.


Message History

You conjure some foxfire!
The foxfire hits the wyvern!
The wyvern hisses angrily.
The foxfire hits the wyvern.
You conjure some foxfire!
The foxfire hits the wyvern but does no damage.
The foxfire hits the wyvern.
You conjure some foxfire!
The foxfire hits the wyvern but does no damage.
The foxfire hits the wyvern. x2
You conjure some foxfire!
The foxfire hits the wyvern but does no damage.
The foxfire hits the wyvern.
You kill the wyvern!
You have reached level 11!
You now have 285 gold pieces (gained 11).
Key pressed, stopping explore.
Key pressed, stopping explore.
F - a viscous dark potion Unknown command.
Okay, then.
A two-headed ogre is nearby!
Unknown command.
You conjure some foxfire!
The two-headed ogre shouts in stereo!
You hear a shout!
You conjure some foxfire!
The foxfire hits the two-headed ogre.
You conjure some foxfire!
The foxfire hits the two-headed ogre.
The foxfire hits the two-headed ogre! x2
You conjure some foxfire!
The foxfire hits the two-headed ogre!
Casting: Foxfire (safe; 1% risk of failure)
Confirm with . or Enter, or press ? or * to list all spells.
Flames lash the two-headed ogre.
The two-headed ogre's fire resistance burns away.
The foxfire hits the two-headed ogre.
The two-headed ogre is burned terribly!
The foxfire hits the two-headed ogre.
The two-headed ogre is burned terribly!
The foxfire hits the two-headed ogre but does no damage.
Casting: Scorch (safe; 1% risk of failure)
Confirm with . or Enter, or press ? or * to list all spells.
Flames lash the two-headed ogre.
The two-headed ogre is burned terribly!
You kill the two-headed ogre!
Your Fighting skill increases to level 4!
Your Dodging skill increases to level 5!
Your Fire Magic skill increases to level 11!
You now have 304 gold pieces (gained 19).
Things that are here:
a +0 giant spiked club; a +0 giant spiked club
Found a stone staircase leading down.
Unknown command.
The centaur warrior shouts!
The centaur warrior is distracted by your dazzling golden aura.
You see here 14 gold pieces.
Unknown command.
You conjure some foxfire!
The centaur warrior shouts!
The centaur warrior is no longer distracted by gold.
The centaur warrior shoots an arrow.
The arrow hits you!
You conjure some foxfire!
The foxfire hits the centaur warrior. x2
You conjure some foxfire!
The foxfire hits the centaur warrior. x2
You conjure some foxfire!
The foxfire hits the centaur warrior. x2
The centaur warrior shoots an arrow.
The arrow hits you!
You are too injured to fight recklessly!
Casting: Foxfire (safe; 1% risk of failure)
Confirm with . or Enter, or press ? or * to list all spells.
Flames lash the centaur warrior.
The centaur warrior's fire resistance burns away.
The foxfire hits the centaur warrior but does no damage.
The foxfire hits the centaur warrior!
The centaur warrior is burned terribly!
The centaur warrior shoots an arrow.
The arrow hits you.
The rakshasa blinks!
Casting: Scorch (safe; 1% risk of failure)
Confirm with . or Enter, or press ? or * to list all spells.
Flames lash the centaur warrior but do no damage.
The centaur warrior shoots an arrow.
The arrow hits you!
* * * LOW HITPOINT WARNING * * *
The centaur warrior shoots an arrow.
The arrow hits you!!
* * * LOW HITPOINT WARNING * * *
Unknown command.
Casting: Scorch (safe; 1% risk of failure)
Confirm with . or Enter, or press ? or * to list all spells.
Flames lash the centaur warrior.
The centaur warrior is burned terribly!
You kill the centaur warrior!
Unknown command.
It was a potion of curing.
You feel better. The rakshasa closely misses you.
Okay, then.
You feel better.
The rakshasa hits you from afar with a +0 trident!
* * * LOW HITPOINT WARNING * * *
You feel better.
The rakshasa hits you from afar with a +0 trident!!
* * * LOW HITPOINT WARNING * * *
Unknown command.
You feel better.
The rakshasa blinks!
Unknown command.
The rakshasa blinks!
You feel better.
Unknown command.
As you read the scroll labelled DUMOTHR OFYK, it crumbles to dust.
It is a scroll of enchant weapon.
You aren't carrying any weapons that can be enchanted.
The rakshasa hits you from afar with a +0 trident!!
You die...
Your body crumbles into a pile of gold.

Skill      XL: |  1  2  3  4  5  6  7  8  9 10 11 |
---------------+----------------------------------+-----
Fire Magic     | 4 5 6 7 9 10 11 | 11.1
Conjurations   | 2 3 4 |  4.0
Spellcasting   | 3 4 5 8 10 | 10.0
Fighting       | 3 4 |  4.7
Dodging        | 4 5 |  5.2
Stealth        | |  2.6

Action                   |  1- 3 |  4- 6 |  7- 9 | 10-12 || total
-------------------------+-------+-------+-------+-------++-------
Melee: Unarmed           |     2 |     5 |    11 |       ||    18
       Tentacles         |       |     3 |     8 |       ||    11
       Constrict         |       |     3 |     2 |       ||     5
 Cast: Foxfire           |    70 |   101 |   242 |   219 ||   632
       Scorch            |     1 |    11 |    40 |    42 ||    94
  Use: Potion            |       |       |       |     7 ||     7
       Scroll            |       |       |       |     1 ||     1
Armor: Skin              |       |       |     1 |       ||     1
Dodge: Dodged            |     4 |     2 |     8 |    24 ||    38

Levels and vault maps discovered:
D:1:      minmay_arrival_radiant_lines, layout_basic, solitary_fountain,
          kennysheep_nondescript, chequers_serial_rivers_micro_c, st_stairs_3
D:2:      layout_loops_ring, minmay_tromino_v2
D:3:      minmay_door_path, layout_rooms, uniq_ijyb, uniq_natasha
D:4:      layout_layer_cave
D:5:      layout_layer_cave, mainiacjoe_overflow_concentric_impassable,
          mainiacjoe_overflow_alcove_1, nicolae_qazlal_style_of_elements,
          mainiacjoe_overflow_alcove_2, vehumet_altar_wand_db,
          kennysheep_generic_room_5, uniq_prince_ribbit1, uniq_sigmund
D:6:      layout_basic, serial_bayou, serial_bayou_ford_a,
          serial_bayou_lagoon_a, serial_bayou_lake_a, serial_bayou_pond_d
D:7:      layout_gridville, minmay_temple_entry_trees, hangedman_glass_garden
D:8:      nicolae_cairo_tiling_very_big, layout_gridville,
          mainiacjoe_overflow_small_starburst, mainiacjoe_overflow_two_lobes,
          tgw_sif, erik_lair_dragon, uniq_amaemon
D:9:      layout_big_octagon, nicolae_stop_n_shop_2
D:10:     cheibrodos_orc_bank, layout_small_grid,
          nicolae_overflow_crystal_walls, mainiacjoe_overflow_catwalk
Temple:   nicolae_temple_ecumenical_triangle

Notes
Turn   | Place    | Note
-------+----------+-------------------------------------------
     0 | D:1      | RoilingVortex the Octopode Fire Elementalist began the
                  | quest for the Orb.
     0 | D:1      | Reached XP level 1. HP: 11/11 MP: 3/3
   209 | D:1      | Reached XP level 2. HP: 17/17 MP: 0/5
   930 | D:1      | Reached XP level 3. HP: 21/21 MP: 1/6
  1583 | D:1      | Learned a level 2 spell: Scorch
  1706 | D:2      | Reached skill level 4 in Fire Magic
  1706 | D:2      | Reached XP level 4. HP: 27/27 MP: 2/7
  1787 | D:2      | You add the spells Ignite Poison, Sticky Flame and Ignition
                  | to your library.
  1807 | D:2      | Reached skill level 2 in Conjurations
  2691 | D:3      | Noticed Natasha
  2702 | D:3      | Killed Natasha
  2875 | D:3      | You pick up a book of Debilitation and begin reading...
  2875 | D:3      | You add the spells Slow, Vampiric Draining and Confusing
                  | Touch to your library.
  3017 | D:3      | Noticed Natasha
  3025 | D:3      | Killed Natasha
  3026 | D:3      | Reached XP level 5. HP: 31/31 MP: 0/9
  3143 | D:3      | Noticed Ijyb
  3266 | D:3      | Killed Ijyb
  3410 | D:3      | Reached skill level 3 in Spellcasting
  3667 | D:4      | Identified the ring "Moczutuj" {rC+ Will+}
  4708 | D:5      | Entered Level 5 of the Dungeon
  4711 | D:5      | Reached skill level 5 in Fire Magic
  4720 | D:5      | Reached XP level 6. HP: 36/36 MP: 6/10
  4760 | D:5      | Reached skill level 3 in Conjurations
  4799 | D:5      | Noticed Sigmund
  4804 | D:5      | Killed Sigmund
  4805 | D:5      | Reached skill level 6 in Fire Magic
  4805 | D:5      | Reached XP level 7. HP: 40/41 MP: 6/12
  4872 | D:5      | Found a radiant altar of Vehumet.
  4879 | D:5      | Reached skill level 4 in Spellcasting
  4929 | D:5      | Found a stormy altar of Qazlal.
  4931 | D:5      | Noticed a fire elemental
  4932 | D:5      | Noticed an air elemental
  4932 | D:5      | Noticed a water elemental
  4951 | D:5      | Reached skill level 4 in Conjurations
  5082 | D:5      | Noticed Prince Ribbit
  5094 | D:5      | Killed Prince Ribbit
  5095 | D:5      | Reached skill level 7 in Fire Magic
  5095 | D:5      | Reached XP level 8. HP: 46/46 MP: 11/15
  5181 | D:5      | Found a shadowy altar of Dithmenos.
  5266 | D:5      | Reached skill level 5 in Spellcasting
  5487 | D:5      | Reached skill level 8 in Fire Magic
  5533 | D:5      | Found a bloodstained altar of Trog.
  5559 | D:5      | Found a sacrificial altar of Ru.
  5829 | D:5      | Identified the +1 robe of Surprise {Drain rCorr Int+5}
  6001 | D:6      | Reached skill level 9 in Fire Magic
  6001 | D:6      | Reached XP level 9. HP: 51/51 MP: 13/17
  6064 | D:6      | Reached skill level 6 in Spellcasting
  6978 | D:7      | Reached skill level 10 in Fire Magic
  7058 | D:7      | You add the spells Olgreb's Toxic Radiance and Ozocubu's
                  | Refrigeration to your library.
  7096 | D:7      | You pick up a book of Blood and begin reading...
  7096 | D:7      | You add the spells Sublimation of Blood, Wereblood and
                  | Summon Hydra to your library.
  7181 | D:7      | Found a staircase to the Ecumenical Temple.
  7191 | Temple   | Entered the Ecumenical Temple
  7519 | D:7      | Reached skill level 7 in Spellcasting
  7769 | D:8      | Noticed a komodo dragon
  7780 | D:8      | Killed a komodo dragon
  7781 | D:8      | Reached skill level 8 in Spellcasting
  7826 | D:8      | Reached XP level 10. HP: 56/56 MP: 14/22
  7832 | D:8      | Reached skill level 9 in Spellcasting
  7866 | D:8      | Found a staircase to the Lair.
  8050 | D:8      | You add the spells Vhi's Electric Charge, Arcjolt and
                  | Maxwell's Capacitive Coupling to your library.
  8149 | D:8      | Found a shimmering blue altar of Sif Muna.
  8331 | D:8      | Found a broken altar of Ashenzari.
  8362 | D:8      | Found a glowing golden altar of the Shining One.
  8727 | D:8      | Found a sparkling altar of Nemelex Xobeh.
  8823 | D:9      | You add the spells Tukima's Dance, Passage of Golubria and
                  | Yara's Violent Unravelling to your library.
  8870 | D:9      | Reached skill level 10 in Spellcasting
  8906 | D:9      | Reached skill level 1 in Fighting
  9012 | D:9      | Found Bulofiv's General Store.
  9057 | D:9      | Noticed a two-headed ogre
  9067 | D:9      | Killed a two-headed ogre
  9068 | D:9      | Reached skill level 2 in Fighting
  9068 | D:9      | Reached skill level 3 in Dodging
  9143 | D:9      | Reached skill level 3 in Fighting
  9382 | D:10     | Entered Level 10 of the Dungeon
  9399 | D:10     | Found an opulent altar of Gozag.
  9430 | D:10     | Became a worshipper of Gozag Ym Sagoz the Greedy
  9531 | D:10     | Reached skill level 4 in Dodging
  9566 | D:10     | Noticed a two-headed ogre
  9765 | D:10     | Noticed a rakshasa
  9765 | D:10     | Noticed a centaur warrior
  9769 | D:10     | Noticed a two-headed ogre
  9941 | D:10     | Found a staircase to the Orcish Mines.
  9945 | D:10     | HP: 12/63 [centaur warrior/arrow (26)]
 10175 | D:10     | Reached XP level 11. HP: 68/68 MP: 21/25
 10260 | D:10     | Killed a two-headed ogre
 10261 | D:10     | Reached skill level 4 in Fighting
 10261 | D:10     | Reached skill level 5 in Dodging
 10261 | D:10     | Reached skill level 11 in Fire Magic
 10291 | D:10     | HP: 3/70 [centaur warrior/arrow (23)]
 10292 | D:10     | Killed a centaur warrior
 10300 | D:10     | Mangled by a rakshasa

Vanquished Creatures
  A centaur warrior (D:10)
  2 two-headed ogres
  A komodo dragon (D:8)
  Prince Ribbit (D:5)
  Sigmund (D:5)
  A shadow (D:10)
  A wraith (D:10)
  2 basilisks (D:8)
  3 wyverns
  3 steam dragons
  An acid dragon (D:9)
  3 water moccasins
  3 orc warriors
  A swamp drake (D:8)
  An ice beast (D:6)
  A black bear (D:5)
  3 ogres
  2 centaurs (D:9)
  A phantom (D:5)
  2 kobold brigands
  4 necrophages
  2 scorpions
  10 wights (D:9)
  3 howler monkeys (D:9)
  6 electric eels (D:6)
  3 hounds
  12 orc priests
  A jelly (D:4)
  Ijyb (D:3)
  Natasha (twice) (D:3)
  8 iguanas
  6 orc wizards
  5 adders
  5 gnolls
  A shadow imp (D:5)
  An ufetubus (D:5)
  A worm (D:5)
  2 dart slugs (D:1)
  33 orcs
  6 bats
  5 endoplasms
  2 giant cockroaches
  6 hobgoblins
  A jackal (D:3)
  18 kobolds
  2 quokkas (D:1)
  6 ball pythons
  2 frilled lizards (D:1)
  2 rats
  4 butterflies (D:7)
194 creatures vanquished.

Vanquished Creatures (collateral kills)
  7 foxfires (D:6)
7 creatures vanquished.

Vanquished Creatures (others)
  1064 foxfires
  21 plants (D:6)
1085 creatures vanquished.

Grand Total: 1286 creatures vanquished

Table legend:
 A = Non-vault XP
 B = Vault XP
 C = Vault XP percentage of total XP
 D = Non-vault monster count
 E = Vault monster count
 F = Vault count percentage of total count
                 A         B        C        D         E       F
            +---------+---------+-------+---------+---------+-------
      Total |    8853 |    2110 |  19.2 |     170 |      20 |  10.5
            +---------+---------+-------+---------+---------+-------
        D:1 |      50 |       4 |   7.4 |      22 |       3 |  12.0
        D:2 |      39 |       2 |   4.9 |      10 |       1 |   9.1
        D:3 |      48 |      78 |  61.9 |       7 |       3 |  30.0
        D:4 |      77 |       0 |   0.0 |      10 |       0 |   0.0
        D:5 |    1017 |     693 |  40.5 |      31 |       6 |  16.2
        D:6 |    1206 |       0 |   0.0 |      19 |       0 |   0.0
        D:7 |     479 |       0 |   0.0 |       7 |       0 |   0.0
        D:8 |     797 |    1333 |  62.6 |      18 |       7 |  28.0
        D:9 |    2464 |       0 |   0.0 |      28 |       0 |   0.0
       D:10 |    2676 |       0 |   0.0 |      18 |       0 |   0.0
            +---------+---------+-------+---------+---------+-------

Illustrated notes

Table legend:
 A = Kills in this place as a percentage of kills in entire the game.
 B = Kills by you in this place as a percentage of kills by you in the entire game.
 C = Kills by friends in this place as a percentage of kills by friends in the entire game.
 D = Other kills in this place as a percentage of other kills in the entire game.
 E = Experience gained in this place as a percentage of experience gained in the entire game.
 F = Experience gained in this place divided by the number of levels of this place that you have seen.
                   A       B       C       D       E      F
               +-------+-------+-------+-------+-------+----------------------
         Total | 100.0 | 100.0 |   N/A |   N/A | 100.0 | 996.6
       Dungeon | 100.0 | 100.0 |   N/A |   N/A | 100.0 | 1096.3
               +-------+-------+-------+-------+-------+----------------------

Table legend: (Time is in decaauts)
 A = Elapsed time spent in this place.
 B = Non-inter-level travel time spent in this place.
 C = Inter-level travel time spent in this place.
 D = Time resting spent in this place.
 E = Time spent auto-exploring this place.
 F = Levels seen in this place.
 G = Mean time per level.
                   A        B        C        D        E       F      G
               +--------+--------+--------+--------+--------+-----+--------+
         Total |  10309 |   9905 |    404 |    639 |   8035 |  11 |  937.2 |
       Dungeon |  10257 |   9868 |    389 |    639 |   8005 |  10 | 1025.7 |
        Temple |     52 |     37 |     15 |      0 |     30 |   1 |   52.0 |
               +--------+--------+--------+--------+--------+-----+--------+

Top non-repeatable levels by time:
     D:1: 1614 daAuts
     D:4: 1249 daAuts
     D:5: 1160 daAuts
     D:3: 1069 daAuts
     D:8: 1066 daAuts
     D:6: 1058 daAuts
     D:9: 1033 daAuts
     D:2: 780 daAuts
     D:7: 717 daAuts
    D:10: 506 daAuts
  Temple: 52 daAuts
